 Dungeon Crawl Stone Soup version 0.23.0 (webtiles) character file.

Game seed: 2389284433725277359

4 Monsterracer the Skirmisher (level 1, 0/11 HPs)
             Began as a Felid Wanderer on Feb 18, 2019.
             Slain by a hobgoblin
             ... wielding a +0 club
              (4 damage)
             ... on level 1 of the Dungeon.
             The game lasted 00:00:46 (408 turns).

Monsterracer the Skirmisher (Felid Wanderer)         Turns: 408, Time: 00:00:47

Health: 0/11       AC:  1    Str:  7    XL:     1   Next: 50%
Magic:  3/3        EV: 15    Int: 14    God:
Gold:   0          SH:  0    Dex: 15    Spells: 2/2 levels left
                                        Lives:  0   Deaths: 0

rFire    . . .     SeeInvis +     - Unarmed
rCold    . . .     Gourm    .   (shield unavailable)
rNeg     . . .     Faith    .   (armour unavailable)
rPois    .         Spirit   .   (helmet unavailable)
rElec    .         Reflect  .   (cloak unavailable)
rCorr    .         Harm     .   (gloves unavailable)
MR       .....                  (boots unavailable)
Stlth    ++........             (no amulet)
HPRegen  0.03/turn              (no ring)
MPRegen  0.08/turn              (no ring)

@: quick
A: very small, no armour, no weapons or thrown items, stealth, claws 1, fangs 3,
see invisible, carnivore, speed 1, shaggy fur 1, slow metabolism 1, sharp paws
a: no special abilities


You were on level 1 of the Dungeon.
You were not hungry.

You visited 1 branch of the dungeon, and saw 1 of its levels.

Inventory:

Jewellery
 f - an uncursed ring of poison resistance {unknown}
Wands
 a - a wand of random effects (15)
Scrolls
 g - a scroll of fog {unknown}
Potions
 b - a potion of berserk rage {!q}
 d - a potion of heal wounds
 e - 2 potions of curing
Comestibles
 c - a ration


   Skills:
 - Level 4.0 Fighting
 + Level 1.6 Unarmed Combat
 - Level 1.0 Spellcasting
   Level 1.7 Air Magic
 - Level 2.1 Evocations


You had 2 spell levels left.
You didn't know any spells.
Your spell library was empty.

Dungeon Overview and Level Annotations

Branches:
Dungeon (1/15)

Altars:


Innate Abilities, Weirdness & Mutations

You cannot wear armour.
You are incapable of wielding weapons or throwing items.
Your paws allow you to move quietly. (Stealth)
You have sharp claws.
You have razor-sharp teeth.
You have supernaturally acute eyesight. (SInv)
You are carnivorous and can eat meat at any time.
You cover ground quickly.
You are covered in fur. (AC +1)
You have a slow metabolism.
Your sharp claws are effective at attacking unaware monsters.


Message History

You scratch the kobold but do no damage.
Your bite misses the kobold. The kobold misses you.
You barely miss the kobold. The kobold misses you.
You completely miss the kobold. The kobold barely misses you.
You scratch the kobold. Your bite misses the kobold.
The kobold is severely wounded.
The kobold hits you.
You take 1 damage, and have 6/11 hp.
You scratch the kobold.
You kill the kobold!
You see here a kobold corpse.
You start resting.
HP restored.
Health restored: 11 The demigod shouts!
There is an open door here.
The orc shouts!
The demonspawn shouts!
The octopode shouts!
The tengu shouts!
The merfolk shouts!
The centaur shouts!
The elf shouts!
The naga shouts!
The ogre shouts!
The minotaur bellows!
The formicid twitches its antennae in your direction.
The troll shouts!
The human shouts!
The spriggan shouts!
Press: ? - help, v - describe, . - travel The floor.
There is an open door here.
Found a ring mail.
g - a scroll labeled SUOMEE HUFUX A frilled lizard comes into view.
A frilled lizard is nearby!
The frilled lizard hisses angrily.
The frilled lizard unfolds its giant frill.
Found a stone staircase leading down.
The frilled lizard barely misses you.
You closely miss the frilled lizard. The frilled lizard bites you.
You take 2 damage, and have 9/11 hp.
You closely miss the frilled lizard. You bite the frilled lizard.
You kill the frilled lizard!
No target in view!
HP restored.
Key pressed, stopping explore.
No target in view!
Health restored: 11
There is a stone staircase leading down here.
e - 2 potions of curing (gained 1)
Found an escape hatch in the floor.
There is an escape hatch in the floor here.
Found 26 arrows.
No target in view!
You see here 26 arrows.
Found 27 sling bullets.
No target in view!
You see here 27 sling bullets.
You open the door.
There is an open door here.
Key pressed, stopping explore.
No target in view!
You open the door.
A goblin comes into view.
The goblin shouts!
Found a whip.
A frilled lizard, a rat and a hobgoblin come into view.
Found a ration and 7 gold pieces.
There is an open door here.
There are monsters nearby!
The goblin barely misses you.
You closely miss the goblin.
The hobgoblin shouts!
The goblin hits you but does no damage.
You barely miss the goblin. The goblin misses you.
You completely miss the goblin. The hobgoblin hits you with a +0 club.
You take 1 damage, and have 10/11 hp.
There is an open door here.
Health restored: 11 You scratch the goblin.
You kill the goblin!
You barely miss the rat. The rat misses you.
You scratch the rat.
You kill the rat!
You scratch the hobgoblin.
The hobgoblin is moderately wounded.
The hobgoblin misses you.
You barely miss the hobgoblin.
The hobgoblin is moderately wounded.
You barely miss the hobgoblin.
The hobgoblin is moderately wounded.
The hobgoblin hits you with a +0 club!
Ouch! That really hurt!
* * * LOW HITPOINT WARNING * * *
You closely miss the hobgoblin.
The hobgoblin is moderately wounded.
The hobgoblin hits you with a +0 club.
You die...

####..#.# #.# ##.#.# #.#
######### .#.# #.#
#.......# #.#.# #.#
#..)....# #.#.######>#
#.......# #..........#
........# #####.##....#.#
........####...#.........#
........g@.'...+...#..####
........####...##......#
........#..........#...#
.%......#.#........#...#
#.......#.#.#####......#
#.......#.#....##...#.##
#.......#.####.##.....#
l......#. #...##.##### #.
#.####..>.#


You could see a hobgoblin.

Vanquished Creatures
  A ball python (D:1)
  A bat (D:1)
  A frilled lizard (D:1)
  A goblin (D:1)
  A kobold (D:1)
  A rat (D:1)
6 creatures vanquished.

Notes
Turn   | Place    | Note
-------+----------+-------------------------------------------
     0 | D:1      | Monsterracer the Felid Wanderer began the quest for the
                  | Orb.
     0 | D:1      | Monsterracer set off with the following items: a wand of
                  | random effects (15), a potion of berserk rage {!q}, a
                  | ration, a potion of heal wounds, a potion of curing
     0 | D:1      | Reached XP level 1. HP: 11/11 MP: 3/3
     2 | D:1      | Noticed a halfling
     2 | D:1      | Noticed a vine stalker
     4 | D:1      | Noticed a troll
     4 | D:1      | Noticed a minotaur
     6 | D:1      | Noticed a formicid
     6 | D:1      | Noticed an ogre
     8 | D:1      | Noticed a naga
     8 | D:1      | Noticed a felid
    11 | D:1      | Noticed an elf
    11 | D:1      | Noticed a gargoyle
    13 | D:1      | Noticed a centaur
    15 | D:1      | Noticed a ghoul
    15 | D:1      | Noticed a human
    17 | D:1      | Noticed a dwarf
    17 | D:1      | Noticed a merfolk
    19 | D:1      | Noticed a spriggan
    19 | D:1      | Noticed a draconian
    21 | D:1      | Noticed a tengu
    21 | D:1      | Noticed an octopode
    25 | D:1      | Noticed a vampire
    25 | D:1      | Noticed a demonspawn
    27 | D:1      | Noticed a demigod
   407 | D:1      | HP: 4/11 [hobgoblin/+0 club (7)]
   408 | D:1      | Slain by a hobgoblin

Action                   || total
-------------------------++-------
Melee: Unarmed           ||    26
       Bite              ||     1
Armor: Skin              ||     2
Dodge: Dodged            ||    16

Levels and vault maps discovered:
D:1:      kb_arrival_jail, layout_basic, cheibriados_altar_1
